 Dungeon Crawl Stone Soup version 0.25.0-9-g26727b657a (webtiles) character file.

Game seed: 4163977518907576498

11650 funkygono the Carver (level 11, -14/67 HPs)
             Began as a Gargoyle Gladiator on June 17, 2020.
             Was a High Priest of Okawaru.
             Demolished by a death yak (15 damage)
             ... on level 10 of the Dungeon on June 18, 2020.
             The game lasted 00:24:48 (8850 turns).

funkygono the Carver (Gargoyle Gladiator)           Turns: 8850, Time: 00:24:49

Health: -14/67     AC: 24    Str: 20    XL:     11   Next: 81%
Magic:  10/12      EV: 17    Int: 16    God:    Okawaru [*****.]
Gold:   554        SH: 20    Dex: 11    Spells: 10/10 levels left

rFire    x . .     SeeInvis .   m - +4 scimitar of Anxiety {speed, rC++ Int+3}
rCold    + + .     Gourm    .   C - +2 tower shield
rNeg     + + .     Faith    .   q - +3 ring mail of Watchfulness {Harm rF- Stlth+}
rPois    ∞         Spirit   .   I - +1 hat {Int+3}
rElec    +         Reflect  .   L - +2 cloak
rCorr    .         Harm     +   J - +0 pair of gloves
MR       .....                  (no boots)
Stlth    ++++......             (no amulet)
HPRegen  0.21/turn              l - ring of positive energy
MPRegen  0.13/turn              y - +4 ring of evasion

@: heroism
A: negative energy resistance 1, electricity resistance, unbreathing,
petrification resistance, rot immunity, AC +8
a: Heroism, Finesse, Renounce Religion


You were on level 10 of the Dungeon.
You worshipped Okawaru.
Okawaru was extremely pleased with you.
You were not hungry.

You visited 2 branches of the dungeon, and saw 11 of its levels.

You collected 554 gold pieces.

Inventory:

Hand Weapons
 a - a +2 quarterstaff
 m - the +4 scimitar of Anxiety (weapon) {speed, rC++ Int+3}
   (You found it on level 4 of the Dungeon)

   Attacks with this weapon are significantly faster.
   It affects your intelligence (+3).
   It greatly protects you from cold.
 x - a +1 whip of draining
 D - a +1 whip of flaming
 H - a +6 scimitar of flaming
Missiles
 d - 7 throwing nets (quivered)
 t - 98 bolts
Armour
 b - a +0 leather armour
 c - a +1 helmet
 q - the +3 ring mail of Watchfulness (worn) {Harm rF- Stlth+}
   (You found it on level 4 of the Dungeon)

   It makes you vulnerable to fire.
   It increases damage dealt and taken.
   It makes you more stealthy.
 C - a +2 tower shield (worn)
 I - a +1 hat of intelligence (worn)
 J - a +0 pair of gloves (worn)
 L - a +2 cloak (worn)
Magical Staves
 h - an uncursed staff of death
 M - an uncursed staff of earth
Jewellery
 j - an uncursed ring of protection from fire
 l - a ring of positive energy (left hand)
 u - an uncursed ring of ice
 y - a +4 ring of evasion (right hand)
 z - an uncursed ring of ice
 F - an uncursed ring of fire
Wands
 w - a wand of digging (6)
 A - a wand of enslavement (3)
Scrolls
 o - 4 scrolls of remove curse
 r - 3 scrolls of teleportation
 N - a scroll of identify
Potions
 e - a potion of stabbing
 g - 2 potions of flight
 i - 2 potions of curing
 k - 2 potions of lignification
 n - 2 potions of ambrosia
 p - a potion of brilliance
 s - 2 potions of might
 v - 2 potions of mutation
 B - a potion of magic
 E - a potion of resistance {unknown}
 G - a potion of heal wounds
Comestibles
 f - 18 rations
 K - 13 chunks of flesh


   Skills:
 + Level 7.3(12.3) Fighting
 + Level 11.0(16.0) Long Blades
 + Level 6.2(11.2) Staves
 - Level 1.8(6.8) Throwing
 + Level 5.4(10.4) Armour
 + Level 5.7(10.7) Dodging
 + Level 3.3(8.3) Stealth
 + Level 7.1(12.1) Shields
 + Level 0.8 Invocations
 + Level 1.4 Evocations


You had 10 spell levels left.
You didn't know any spells.
Your spell library contained the following spells:

 Spells                   Type           Power        Failure   Level  Hunger
 Beastly Appendage        Tmut           #.....       90%         1    ##.....
 Corona                   Hex            #......      90%         1    ##.....
 Ensorcelled Hibernation  Hex/Ice        #.....       97%         2    ###....
 Sticks to Snakes         Tmut           #.......     97%         2    ###....
 Confusing Touch          Hex            #.......     99%         3    ####...
 Dazzling Flash           Conj/Hex       #.....       99%         3    ####...
 Spider Form              Tmut/Pois      #.........   99%         3    ####...
 Tukima's Dance           Hex            #.......     99%         3    ####...
 Ice Form                 Ice/Tmut       #.......     100%        4    #####..
 Blade Hands              Tmut           #.........   100%        5    ######.


Dungeon Overview and Level Annotations

Branches:
Dungeon (10/15)            Temple (1/1) D:6
   Lair: D:8-11         Orc: D:9-12

Altars:
Ashenzari
Cheibriados
Dithmenos
Elyvilon
Fedhas
Gozag
Hepliaklqana
Kikubaaqudgha
Makhleb
Nemelex Xobeh
Okawaru
Qazlal
Ru
Sif Muna
Trog
Uskayaw
Vehumet
Wu Jian
Xom
Yredelemnul
Zin
The Shining One

Shops:
D:6 }


Innate Abilities, Weirdness & Mutations

You are resistant to torment.
Your stone body is resilient. (AC +8)
You are immune to poison.
You resist negative energy. (rN+)
You are resistant to electric shocks. (rElec)
You can survive without breathing.
You are immune to petrification.
You are immune to rotting.


Message History

You slash the death yak!
The death yak is moderately wounded.
You block the yak's attack. You block the death yak's attack.
The death yak gores you but does no damage.
Some of the chunks of flesh in your inventory have rotted away.
You hit the death yak but do no damage.
The death yak is moderately wounded.
The yak misses you.
You hit the death yak but do no damage.
The death yak is moderately wounded.
The death yak barely misses you. You block the death yak's attack.
You slice the death yak!!
The death yak is heavily wounded.
The yak misses you.
You barely miss the death yak.
The death yak is heavily wounded.
The death yak gores you!
* * * LOW HITPOINT WARNING * * *
The death yak gores you!
You die...

#####.........Y...#
#...########..#
#...# #..# #.>.#
#..# #...# #..#
#...# #..# #...#
#..# #YY# #@Y# #(.#
#(.# #(.# #..# #..#
#..# #..# #..#


You could see 2 death yaks and a yak.

Vanquished Creatures
  Gastronok (D:8)
  Harold (D:8)
  A two-headed ogre (D:8)
  Erica (D:8)
  Nergalle (D:10)
  Pikel (D:7)
  Joseph (D:7)
  Maurice (D:8)
  4 trolls
  A hippogriff (D:8)
  6 yaks (D:9)
  A hungry ghost (D:8)
  2 orc warriors
  A black bear (D:6)
  4 ice beasts
  2 phantoms
  2 sky beasts
  2 slaves (D:7)
  4 ogres
  A necrophage (D:8)
  2 centaurs
  A crocodile (D:8)
  7 bullfrogs
  A gnoll sergeant (D:6)
  3 scorpions
  5 killer bees (D:8)
  5 wights (D:9)
  An electric eel (D:6)
  A howler monkey (D:4)
  2 bullfrog zombies
  A centaur zombie (D:6)
  7 crimson imps
  2 hounds
  3 centaur skeletons
  A jelly (D:6)
  3 orc priests
  11 orc wizards
  An iguana (D:9)
  Terence (D:2)
  9 worker ants
  A killer bee zombie (D:6)
  2 hound zombies (D:6)
  A mummy (D:9)
  10 gnolls
  9 adders
  4 shadow imps
  An ooze (D:3)
  A worm (D:2)
  2 dart slugs
  2 leopard geckos
  34 orcs
  7 giant cockroaches
  14 goblins
  5 hobgoblins
  6 jackals
  7 quokkas
  2 ball pythons
  8 bats
  7 frilled lizards
  A jackal zombie (D:6)
  14 kobolds
  2 quokka skeletons
  10 rats
255 creatures vanquished.

Vanquished Creatures (collateral kills)
  A bullfrog (D:9)
  3 kobolds (D:9)
4 creatures vanquished.

Vanquished Creatures (others)
  A big kobold (D:9)
  A leopard gecko (D:7)
2 creatures vanquished.

Grand Total: 261 creatures vanquished

Notes
Turn   | Place    | Note
-------+----------+-------------------------------------------
     0 | D:1      | funkygono the Gargoyle Gladiator began the quest for the
                  | Orb.
     0 | D:1      | Reached XP level 1. HP: 12/12 MP: 1/1
   139 | D:1      | Reached XP level 2. HP: 18/18 MP: 2/2
   552 | D:1      | Reached XP level 3. HP: 16/22 MP: 3/3
   912 | D:2      | Found a hide-covered altar of Uskayaw.
  1128 | D:2      | Noticed Terence
  1147 | D:2      | Killed Terence
  1147 | D:2      | Reached skill level 1 in Armour
  1147 | D:2      | Reached XP level 4. HP: 10/27 MP: 4/4
  1342 | D:2      | Found a faded altar of an unknown god.
  1497 | D:2      | Found a stormy altar of Qazlal.
  1503 | D:2      | Found a burning altar of Makhleb.
  1552 | D:2      | Reached skill level 1 in Stealth
  2061 | D:3      | Reached XP level 5. HP: 9/32 MP: 5/5
  2742 | D:4      | Noticed an ogre
  2751 | D:4      | Killed an ogre
  2838 | D:4      | Reached XP level 6. HP: 37/37 MP: 6/6
  2861 | D:4      | Got a distressingly furry ring mail
  2872 | D:4      | Identified the +3 ring mail of Watchfulness {Harm rF-
                  | Stlth+} (You found it on level 4 of the Dungeon)
  3047 | D:4      | Reached skill level 5 in Staves
  3084 | D:4      | Found a hide-covered altar of Uskayaw.
  3502 | D:4      | Got a bloodstained scimitar
  3503 | D:4      | Identified the +4 scimitar of Anxiety {speed, rC++ Int+3}
                  | (You found it on level 4 of the Dungeon)
  3585 | D:4      | Reached XP level 7. HP: 41/41 MP: 7/7
  3972 | D:5      | Entered Level 5 of the Dungeon
  4090 | D:5      | Reached skill level 1 in Long Blades
  4498 | D:5      | Reached skill level 2 in Long Blades
  4502 | D:5      | Reached XP level 8. HP: 46/48 MP: 8/8
  4535 | D:5      | Reached skill level 3 in Long Blades
  5155 | D:6      | Reached skill level 4 in Long Blades
  5468 | D:6      | Reached skill level 5 in Long Blades
  5524 | D:6      | Found a staircase to the Ecumenical Temple.
  5524 | D:6      | Noticed a troll
  5532 | D:6      | Killed a troll
  5532 | D:6      | Reached XP level 9. HP: 38/53 MP: 9/9
  5557 | Temple   | Entered the Ecumenical Temple
  5582 | Temple   | Became a worshipper of Warmaster Okawaru
  5678 | D:6      | Reached skill level 5 in Fighting
  5678 | D:6      | Reached skill level 6 in Long Blades
  5764 | D:6      | Found Numy's Gadget Emporium.
  6312 | D:7      | Noticed Pikel
  6323 | D:7      | Noticed Joseph
  6341 | D:7      | Reached skill level 1 in Shields
  6345 | D:7      | Killed Pikel
  6345 | D:7      | Reached * piety under Okawaru
  6345 | D:7      | Reached skill level 7 in Long Blades
  6358 | D:7      | Killed Joseph
  6358 | D:7      | Reached ** piety under Okawaru
  6615 | D:7      | Found a shimmering altar of Xom.
  6771 | D:8      | Noticed Gastronok
  6790 | D:8      | Reached XP level 10. HP: 58/60 MP: 10/10
  6813 | D:8      | Noticed Harold
  6814 | D:8      | Killed Gastronok
  6814 | D:8      | Reached *** piety under Okawaru
  6814 | D:8      | Reached skill level 8 in Long Blades
  6814 | D:8      | Reached skill level 5 in Dodging
  6839 | D:8      | Killed Harold
  6839 | D:8      | Reached skill level 9 in Long Blades
  6839 | D:8      | Reached skill level 5 in Shields
  7111 | D:8      | Noticed a two-headed ogre
  7118 | D:8      | Killed a two-headed ogre
  7118 | D:8      | Reached **** piety under Okawaru
  7175 | D:8      | Reached skill level 5 in Armour
  7183 | D:8      | Reached XP level 11. HP: 66/66 MP: 11/11
  7337 | D:8      | Noticed Maurice
  7350 | D:8      | Killed Maurice
  7404 | D:8      | Reached skill level 10 in Long Blades
  7702 | D:8      | Noticed Erica
  7737 | D:8      | Killed Erica
  7737 | D:8      | Reached ***** piety under Okawaru
  7962 | D:9      | Found a snail-covered altar of Cheibriados.
  7983 | D:9      | Reached skill level 1 in Evocations
  8605 | D:10     | Entered Level 10 of the Dungeon
  8726 | D:10     | Noticed Nergalle
  8752 | D:10     | Killed Nergalle
  8752 | D:10     | Received a gift from Okawaru
  8824 | D:10     | Noticed a death yak
  8830 | D:10     | Noticed a death yak
  8843 | D:10     | Reached skill level 11 in Long Blades
  8850 | D:10     | HP: 1/67 [death yak (15)]
  8850 | D:10     | Demolished by a death yak

Illustrated notes

Levels and vault maps discovered:
D:1:      dpeg_arrival_subterranean_lakeside_camping, layout_loops_ring
D:2:      layout_loops_cross, eat_drink_and_be_merry_uskayaw,
          chequers_temple_overflow_statue_of_worship,
          chequers_ecumenical_altar_simple_redux, uniq_terence
D:3:      layout_basic
D:4:      layout_basic, first_ration, corexii_shack, minmay_ruined_shrine
D:5:      layout_basic
D:6:      layout_cave_pools, minmay_temple_entry_large_hall, serial_shops, shop,
          serial_bayou_lagoon_a
D:7:      layout_basic, basic_altar, uniq_pikel, uniq_joseph
D:8:      layout_basic, uniq_harold, uniq_erica, uniq_gastronok, uniq_maurice
D:9:      layout_rooms, slow_altar_1
D:10:     layout_long_grid, dpeg_lair_monsters, the_bakery, uniq_nergalle
Temple:   nicolae_temple_no_exploring_needed

Skill      XL: |  1  2  3  4  5  6  7  8  9 10 11 |
---------------+----------------------------------+-----
Armour         | 1 2 3 4 5 |  5.4
Staves         | 4 5 6 |  6.2
Stealth        | 1 2 3 |  3.3
Dodging        | 3 4 5 |  5.7
Fighting       | 3 4 5 6 7 |  7.3
Long Blades    | 2 5 7 9 11 | 11.0
Shields        | 3 5 7 |  7.1
Evocations     | 1 |  1.4
Throwing       | |  1.8
Invocations    | |  0.8

Action                   |  1- 3 |  4- 6 |  7- 9 | 10-12 || total
-------------------------+-------+-------+-------+-------++-------
Melee: Quarterstaff      |    99 |   160 |       |       ||   259
       Staff             |       |    16 |       |       ||    16
       Scimitar          |       |     3 |   296 |   293 ||   592
Throw: Throwing net      |       |     3 |       |       ||     3
Invok: Heroism           |       |       |       |     7 ||     7
Evoke: Wand              |       |       |       |    11 ||    11
  Use: Scroll            |     5 |     7 |     6 |     6 ||    24
       Potion            |       |       |       |     3 ||     3
 Stab: Sleeping          |       |       |     3 |     2 ||     5
  Eat: Chunk             |     1 |     7 |     7 |     8 ||    23
       Ration            |       |       |     1 |       ||     1
Armor: Leather armour    |    48 |    39 |       |       ||    87
       Ring mail         |       |    29 |   141 |    72 ||   242
Dodge: Dodged            |    65 |   150 |   144 |    71 ||   430
Block: Tower shield      |       |       |    90 |   182 ||   272
       Kite shield       |       |       |     1 |       ||     1
       Rpst.: Scimitar   |       |       |    38 |    17 ||    55
